 Dungeon Crawl Stone Soup version 0.27.1-1-g398f81649c (webtiles) character file.

Game seed: 11085754817129251416

22661 ZARRMARR the Unseen (level 13, -7/72 HPs)
             Began as an Octopode Conjurer on Sept 8, 2021.
             Was a Priest of Sif Muna.
             Killed from afar by a wretched star (24 damage)
             ... with a lance of force
             ... in a Gauntlet.
             The game lasted 01:33:36 (22397 turns).

ZARRMARR the Unseen (Octopode Conjurer)            Turns: 22397, Time: 01:33:37

Health: -7/72      AC:  3    Str:  7    XL:     13   Next: 1%
Magic:  6/17       EV: 35    Int: 36    God:    Sif Muna [***...]
Gold:   1275       SH:  0    Dex: 11    Spells: 21/28 levels left

rFire    . . .     SeeInvis .   (no weapon)
rCold    . . .     Faith    .   (no shield)
rNeg     + . .     Spirit   .   I - +2 hat {Will+}
rPois    .         Reflect  .   h - amulet of the acrobat
rElec    .         Harm     .   u - ring of resist corrosion
rCorr    +         Rampage  .   w - ring of positive energy
Will     +....     Rnd*Rage +   z - +6 ring of intelligence Stlth +++++++...NoTele +
                                D - +6 ring of intelligence
HPRegen  0.22/turn              E - +4 ring of evasion
MPRegen  0.15/turn              L - +4 ring of slaying
                                (no ring)
                                (no ring)

@: unable to read, acrobatic, studying Stealth
A: almost no armour, amphibious, 8 rings, camouflage 1, gelatinous body 1,
(nimble swimmer 1), tentacles, [berserk 3], [frail 2], [low mp 3], [teleportitis
2], subdued magic 1[+2], [inability to read while threatened]
a: Renounce Religion, Channel Magic, Forget Spell


You were in a Gauntlet.
You worshipped Sif Muna.
Sif Muna was most pleased with you.
You visited 3 branches of the dungeon, and saw 15 of its levels.
You also visited: Sewer and Gauntlet.

You collected 1275 gold pieces.

Inventory:

Hand Weapons
 M - a +0 dagger
Missiles
 j - a throwing net
 H - 8 curare-tipped darts (quivered)
Armour
 I - a +2 hat of willpower (worn)
 N - a +0 robe
 P - the +3 pair of gauntlets of War {Slay+5}
   (You found it in a Gauntlet)

   Slay:      It affects your accuracy & damage with ranged weapons and melee
   (+5).
Jewellery
 h - an amulet of the acrobat (around mantle)
 u - a ring of resist corrosion (left tentacle)
 w - a ring of positive energy (right tentacle)
 z - a +6 ring of intelligence (on tentacle)
 A - a ring of fire
 D - a +6 ring of intelligence (on tentacle)
 E - a +4 ring of evasion (on tentacle)
 L - a +4 ring of slaying (on tentacle)
Wands
 b - a wand of charming (12)
 k - a wand of mindburst (5)
 m - a wand of polymorph (19)
 v - a wand of digging (2)
 y - a wand of paralysis (10)
 K - a wand of flame (26)
Scrolls
 a - a scroll of magic mapping {unknown}
 e - a scroll of amnesia {unknown}
 f - 8 scrolls of teleportation
 i - 4 scrolls of vulnerability
 l - a scroll of blinking
 p - 4 scrolls of fog
 r - 2 scrolls of fear
 s - a scroll of summoning {unknown}
 x - a scroll of enchant armour {unknown}
 B - a scroll of noise {unknown}
Potions
 c - 7 potions of curing
 d - 3 potions of brilliance
 g - 2 potions of attraction
 n - 4 potions of heal wounds
 o - 3 potions of invisibility
 q - 4 potions of magic
 t - 3 potions of resistance
 C - 2 potions of haste
 F - 2 potions of flight
 G - a potion of lignification
 J - 2 potions of might {unknown}
 O - a potion of mutation


   Skills:
 + Level 8.9 Fighting
 + Level 9.2 Dodging
 + Level 16.4 Stealth
 + Level 8.4 Spellcasting
 + Level 9.8 Conjurations
 + Level 6.3 Translocations
 + Level 5.2 Invocations


You had 21 spell levels left.
You knew the following spells:

 Your Spells              Type           Power      Damage    Failure   Level
a - Magic Dart            Conj           100%       1d8       0%          1
b - Searing Ray           Conj           90%        3d6       0%          2
c - Iskenderun's Mystic   Conj/Tloc      38%        2d9       1%          4

Your spell library contained the following spells:

 Spells                   Type           Power      Damage    Failure   Level
 Sandblast                Erth           16%        2d6       1%          1
 Passwall                 Tmut/Erth      6%         N/A       1%          2
 Static Discharge         Conj/Air       26%        N/A       1%          2
 Conjure Flame            Conj/Fire      26%        6-21      1%          3
 Dazzling Flash           Conj/Hex       52%        N/A       1%          3
 Fulminant Prism          Conj/Hex       13%        3d9       1%          4
 Sticky Flame             Conj/Fire      26%        2d5       1%          4
 Iskenderun's Battlesphe  Conj           45%        2d10      1%          5
 Frozen Ramparts          Ice            16%        1d3       4%          3
 Ignite Poison            Fire/Tmut/Pois 8%         N/A       4%          3
 Irradiate                Conj/Tmut      13%        3d18      4%          5
 Dispel Undead            Necr           8%         3d8       16%         4
 Ice Form                 Ice/Tmut       8%         N/A       16%         4
 Summon Ice Beast         Ice/Summ       8%         N/A       16%         4
 Dispersal                Tloc           16%        N/A       19%         6
 Lee's Rapid Deconstruct  Erth           4%         3d6*      45%         5
 Spellforged Servitor     Conj/Summ      13%        N/A       93%         7
 Disjunction              Tloc           16%        N/A       100%        8


Dungeon Overview and Level Annotations

Branches:
Dungeon (11/15)            Temple (1/1) D:5            Lair (3/6) D:11
    Orc (0/2) D:9           Sewer (visited)         Gauntlet (1/1)
  Swamp: Lair:2-4    Shoals: Lair:2-4     Snake: Lair:2-4    Spider: Lair:2-4

Altars:
Ashenzari
Cheibriados
Dithmenos
Elyvilon
Fedhas
Gozag
Hepliaklqana
Kikubaaqudgha
Makhleb
Nemelex Xobeh
Okawaru
Qazlal
Ru
Sif Muna
Trog
Uskayaw
Vehumet
Wu Jian
Xom
Yredelemnul
Zin
The Shining One

Annotations:
D:11 exclusions: shadow and ugly thing
Lair:2 exclusion: hydra Gauntlet 9 transporters


Innate Abilities, Weirdness & Mutations

You cannot wear most types of armour.
You are amphibious.
You can wear up to eight rings at the same time.
Your skin changes colour to match your surroundings (Stealth+).
Your rubbery body absorbs attacks. (AC +1, EV +1)
((You are camouflaged near water. (Stealth+)))
You have tentacles for arms and can constrict up to eight enemies at once.
[You have an uncontrollable temper.]
[You are very frail. (-20% HP)]
[Your magical capacity is extremely low. (-30% MP)]
[You are sometimes teleported next to monsters.]
[Your spells are much easier to cast, but much less powerful.]
[You sometimes lose the ability to read scrolls when taking damage.]


Message History

(Press . to maintain the ray.)
The searing ray hits the wretched star!
The wretched star is heavily damaged.
The wretched star glows turbulently.
The lance of force hits you!
You are knocked back by the lance of force.
You slam into the translucent stone wall!
* * * LOW HITPOINT WARNING * * *
The searing ray hits the wretched star.
The wretched star is heavily damaged.
You feel less invigorated.
The searing ray hits the wretched star!
The wretched star is severely damaged.
You finish channeling your searing ray.
Casting: Searing Ray (safe; 0% risk of failure)
Confirm with . or Enter, or press ? or * to list all spells.
You erupt in a blast of force!
The mystic blast hits the wretched star!
The wretched star is almost destroyed.
The wretched star is knocked back by the mystic blast.
Unknown command.
Casting: Iskenderun's Mystic Blast (safe; 1% risk of failure)
Confirm with . or Enter, or press ? or * to list all spells.
Aiming: Magic Dart (safe; 0% risk of failure)
Press: ? - help, Shift-Dir - straight line, f/p - wretched star
Aim: a wretched star (almost destroyed, 100% to hit)
Okay, then.
Casting: Magic Dart (safe; 0% risk of failure)
Confirm with . or Enter, or press ? or * to list all spells.
Aiming: Searing Ray (safe; 0% risk of failure)
Press: ? - help, Shift-Dir - straight line, f/p - wretched star
Aim: a wretched star (almost destroyed, 82% to hit)
The searing ray hits the wretched star!
The wretched star is almost destroyed. (Press . to maintain the ray.)
The searing ray hits the wretched star!
The wretched star is almost destroyed.
The wretched star glows turbulently.
The lance of force hits you!!
You die...

##≈....#©..8#.⌠.#.8H##.
#≈≈.#########.8.#.©.##.
##≈.#..[©!.*#...#.8....
##.#.#^.^#.#...#.©.##.
##≈.#.#...#.#.8.#.8.##.
#≈≈.#.##©##.#.∩.#.©....
##≈.#..#*#..#.8.#.8.##.
##.####.####...#.©.##.
##≈.#...@...#...#.8....
#≈≈.#########.8.#.©.##.
##≈....#©..8#.⌠.#.8.##.
##..8.#...©#.8.#......
##≈....#©..8#...#...##.
#≈≈.#########...#≈≈≈#
##≈.#..©#...#..###≈##
##.#.###.#†#.## ##
##≈.#.#...#†#.≈##


You could see a wretched star.

Vanquished Creatures
  Gastronok (Lair:1)
  A death yak (Lair:1)
  The ghost of jimbles the Thaumaturge, a novice SpEE of Gozag (Lair:1)
  A wizard (Gauntlet)
  A cyclops (D:11)
  4 centaur zombies
  2 black mambas (Lair:1)
  A gargoyle (D:11)
  9 cane toads
  Maggie (D:8)
  5 komodo dragons
  2 trolls
  The ghost of bnorton916 the Conjurer, a novice DECj (D:5)
  4 hornets
  8 blink frogs
  A shadow (D:11)
  A spriggan (Lair:1)
  5 wyverns
  9 yaks
  A wraith (D:9)
  2 basilisks (D:11)
  A steam dragon (D:10)
  2 neqoxecs (Gauntlet)
  Menkaure (D:4)
  An acid dragon (D:8)
  2 wargs (D:9)
  10 water moccasins
  Duvessa (D:7)
  An ice beast (D:8)
  11 orc warriors
  A necrophage (D:6)
  A sky beast (D:5)
  11 wolves
  6 centaurs
  A phantom (D:5)
  2 kobold brigands
  7 bullfrogs
  5 scorpions
  Dowan (D:7)
  A wyvern skeleton (D:6)
  5 killer bees (D:9)
  4 howler monkeys
  A bullfrog zombie (D:5)
  3 hounds
  3 jellies
  3 orc priests
  2 centaur skeletons
  A bullfrog skeleton (D:6)
  4 iguanas
  11 orc wizards
  A hell rat (Lair:1)
  A hound skeleton (D:3)
  2 howler monkey zombies
  3 gnolls (D:3)
  2 river rats (D:6)
  12 adders
  A shadow imp (Gauntlet)
  A white imp (Gauntlet)
  2 ufetubi
  An adder skeleton (D:4)
  A worm (D:2)
  4 dart slugs
  32 orcs
  13 ball pythons
  5 endoplasms
  4 giant cockroaches
  9 goblins
  7 hobgoblins
  4 jackals (D:3)
  A quokka (D:1)
  3 bats
  8 frilled lizards
  21 kobolds
  7 rats
  A bush (Lair:1)
310 creatures vanquished.

Vanquished Creatures (others)
  5 fungi
  22 plants
27 creatures vanquished.

Grand Total: 337 creatures vanquished

Notes
Turn   | Place    | Note
-------+----------+-------------------------------------------
     0 | D:1      | ZARRMARR the Octopode Conjurer began the quest for the Orb.
     0 | D:1      | Reached XP level 1. HP: 11/11 MP: 3/3
   154 | D:1      | Reached skill level 3 in Stealth
   260 | D:1      | Reached XP level 2. HP: 18/18 MP: 0/5
  1003 | D:1      | Learned a level 2 spell: Searing Ray
  1082 | D:2      | Reached skill level 1 in Fighting
  1082 | D:2      | Reached XP level 3. HP: 19/23 MP: 1/6
  1905 | D:2      | Found a faded altar of an unknown god.
  2050 | D:2      | Reached XP level 4. HP: 28/28 MP: 1/7
  2176 | D:2      | Identified a scroll of acquirement
  2177 | D:2      | Acquired 553 gold pieces
  2239 | D:3      | Noticed a scorpion
  2243 | D:3      | Killed a scorpion
  2244 | D:3      | Reached skill level 4 in Stealth
  2244 | D:3      | Reached XP level 5. HP: 27/34 MP: 2/8
  2490 | D:3      | Found a sparkling altar of Nemelex Xobeh.
  3320 | D:4      | Reached XP level 6. HP: 29/39 MP: 4/10
  3643 | D:4      | Noticed Menkaure
  3648 | D:4      | Killed Menkaure
  3649 | D:4      | Reached skill level 5 in Stealth
  3722 | D:4      | Reached skill level 5 in Conjurations
  3844 | D:4      | HP: 1/41 [centaur/arrow (7)]
  4611 | D:4      | Reached XP level 7. HP: 36/46 MP: 6/12
  5219 | D:5      | Entered Level 5 of the Dungeon
  5302 | D:5      | Found a burning altar of Makhleb.
  5331 | D:5      | Reached skill level 6 in Stealth
  5570 | D:5      | Found a sacrificial altar of Ru.
  5623 | D:5      | Found a basalt altar of Yredelemnul.
  5666 | D:5      | Reached XP level 8. HP: 53/53 MP: 6/13
  5797 | D:5      | Found a snail-covered altar of Cheibriados.
  5802 | D:5      | Noticed bnorton916's ghost (novice DECj)
  5804 | D:5      | Found a runed translucent door.
  5836 | D:5      | Found a hazy altar of Hepliaklqana.
  5915 | D:5      | Reached skill level 7 in Stealth
  6119 | D:5      | Found a staircase to the Ecumenical Temple.
  6163 | Temple   | Entered the Ecumenical Temple
  6649 | D:6      | Found a glowing drain.
  6781 | Sewer    | Entered a sewer
  7283 | D:6      | Found a bloodstained altar of Trog.
  7581 | D:6      | Reached skill level 5 in Dodging
  7581 | D:6      | Reached skill level 8 in Stealth
  7959 | D:6      | Reached skill level 9 in Stealth
  8147 | D:6      | Reached XP level 9. HP: 59/59 MP: 9/16
  8568 | D:6      | Identified the +0 scale mail "Cijuwn" {*Corrode Will+ Str+3
                  | Int+3}
  8707 | D:7      | Reached skill level 5 in Spellcasting
  8764 | D:7      | Reached skill level 5 in Fighting
  8973 | D:7      | Found a shimmering blue altar of Sif Muna.
  8988 | D:7      | Became a worshipper of Sif Muna the Loreminder
  9213 | D:7      | Reached skill level 10 in Stealth
  9261 | D:7      | Found a hide-covered altar of Uskayaw.
  9325 | D:7      | Noticed Duvessa
  9516 | D:7      | Noticed a hornet
  9740 | D:8      | Got Vehumet's Handbook of Confrontation
  9764 | D:8      | Noticed Maggie
  9838 | D:8      | Killed Maggie
 10104 | D:8      | Reached skill level 11 in Stealth
 10130 | D:8      | Reached XP level 10. HP: 68/68 MP: 1/18
 10237 | D:8      | Learned a level 4 spell: Iskenderun's Mystic Blast
 10731 | D:9      | Reached * piety under Sif Muna
 10733 | D:9      | Reached skill level 1 in Translocations
 11134 | D:9      | Found a broken altar of Ashenzari.
 11244 | D:9      | Reached skill level 12 in Stealth
 11509 | D:9      | Found a staircase to the Orcish Mines.
 12470 | D:9      | Reached ** piety under Sif Muna
 12754 | D:10     | Entered Level 10 of the Dungeon
 13198 | D:10     | Reached skill level 13 in Stealth
 13514 | D:10     | Reached XP level 11. HP: 72/75 MP: 16/21
 14589 | D:11     | Noticed a cyclops
 14604 | D:11     | Killed a cyclops
 14939 | D:11     | Reached skill level 14 in Stealth
 14957 | D:11     | Reached skill level 1 in Invocations
 15144 | D:11     | Found a staircase to the Lair.
 15199 | D:11     | Noticed a cyan ugly thing
 16474 | D:5      | Killed bnorton916's ghost
 16732 | D:7      | Noticed Dowan
 16737 | D:7      | Killed Duvessa
 16738 | D:7      | Killed Dowan
 17171 | Lair:1   | Entered Level 1 of the Lair of Beasts
 17195 | Lair:1   | Noticed Gastronok
 17561 | Lair:1   | Reached skill level 5 in Translocations
 17711 | Lair:1   | Reached skill level 15 in Stealth
 17711 | Lair:1   | Reached XP level 12. HP: 60/82 MP: 12/23
 18086 | Lair:1   | Found a runed translucent gate.
 18086 | Lair:1   | Found a runed translucent gate.
 18086 | Lair:1   | Found a runed translucent gate.
 18092 | Lair:1   | Noticed jimbles's ghost (novice SpEE)
 18421 | Lair:1   | Reached *** piety under Sif Muna
 18821 | Lair:1   | Noticed a death yak
 19054 | Lair:1   | Killed a death yak
 19481 | Lair:1   | Killed Gastronok
 19789 | Lair:1   | Found a runed translucent gate.
 19789 | Lair:1   | Found a runed translucent gate.
 19789 | Lair:1   | Found a runed translucent gate.
 20840 | Lair:1   | Killed jimbles's ghost
 21311 | Lair:2   | Reached skill level 16 in Stealth
 21556 | Lair:2   | Noticed a seven-headed hydra
 21768 | Lair:2   | Reached skill level 5 in Invocations
 22027 | Lair:2   | You fall into a shaft and drop 1 floor!
 22038 | Lair:3   | Found a gate leading to a gauntlet.
 22048 | Gauntlet | Entered a Gauntlet
 22048 | Gauntlet | Found a transporter.
 22061 | Gauntlet | Found a transporter.
 22062 | Gauntlet | Found the +3 pair of gauntlets of War {Slay+5}
 22064 | Gauntlet | Found a transporter.
 22065 | Gauntlet | Found a transporter.
 22072 | Gauntlet | Found a runed translucent door.
 22075 | Gauntlet | Found a transporter.
 22077 | Gauntlet | Found a transporter.
 22078 | Gauntlet | Found a transporter.
 22085 | Gauntlet | Noticed a wretched star
 22087 | Gauntlet | Found a transporter.
 22090 | Gauntlet | Found a transporter.
 22091 | Gauntlet | Found a transporter.
 22094 | Gauntlet | Noticed a minotaur
 22099 | Gauntlet | Found a transporter.
 22102 | Gauntlet | Found a transporter.
 22103 | Gauntlet | Found a transporter.
 22112 | Gauntlet | Found a transporter.
 22305 | Gauntlet | Reached XP level 13. HP: 87/90 MP: 16/25
 22377 | Gauntlet | Gained mutation: [Your spells are a little easier to cast,
                  | but a little less powerful.] [a neqoxec]
 22397 | Gauntlet | Killed from afar by a wretched star

Illustrated notes

Levels and vault maps discovered:
D:1:      scummos_arrival_simple_crosswalls, layout_basic
D:2:      layout_basic, shapermc_ecumenical_altar_petra
D:3:      layout_basic, nemelex_spade_bored_becter
D:4:      layout_basic, minmay_manual_mares, uniq_menkaure
D:5:      layout_cave_pools, bloody_makhleb, kennysheep_little_box,
          kennysheep_slug_shrine, mainiacjoe_overflow_two_lobes,
          minmay_temple_entry_fiery, hellmonk_ghost_happy_afterlife, st_stairs_5
D:6:      layout_basic, overflow_temple_1_default, portal_sewer_entry_e,
          hex_large
D:7:      layout_gridville, mainiacjoe_overflow_surrounded_room,
          nicolae_sif_muna_condensation, uniq_duvessa
D:8:      layout_cave_pools, uniq_maggie
D:9:      layout_stronghold, ashenzari_conservatory_becter, david_orc_1_choice,
          minmay_stone_trees_small
D:10:     layout_loops_corners, roderic_three_in_a_row
D:11:     layout_layer_cave, minmay_lair_entry_grove
Temple:   minmay_temple_bridge_abc
Lair:1:   wad_woods_04, layout_gridlike, ebering_ghost_rock_garden,
          hangedman_lair_generics_rect, uniq_gastronok
Lair:2:   layout_regular_city, wad_woods_road_05
Lair:3:   layout_big_grid, dummy_snake_entry, gauntlet_entry_generic
Gauntlet: gammafunk_gauntlet_77_escape_option [minmay_gauntlet_arena_77_museum,
          minmay_gauntlet_arena_77_path, minmay_gauntlet_arena_77_mirror,
          minmay_gauntlet_arena_77_terracotta_army,
          minmay_gauntlet_arena_77_two_lines, gauntlet_exit_green]

Skill      XL: |  1  2  3  4  5  6  7  8  9 10 11 12 |
---------------+-------------------------------------+-----
Stealth        | 3 4 5 6 9 11 13 15 16 | 16.4
Fighting       | 1 2 3 4 6 7 8 |  8.9
Dodging        | 3 4 5 6 7 8 9 |  9.2
Spellcasting   | 3 4 5 6 7 8 |  8.4
Conjurations   | 5 6 7 8 9 |  9.8
Translocations | 3 5 6 |  6.3
Invocations    | 3 5 |  5.2

Action                   |  1- 3 |  4- 6 |  7- 9 | 10-12 | 13-15 || total
-------------------------+-------+-------+-------+-------+-------++-------
Melee: Unarmed           |    18 |       |    31 |   335 |       ||   384
       Constrict         |     4 |       |     3 |    10 |       ||    17
       Tentacles         |     2 |       |     3 |    74 |       ||    79
Throw: Dart              |       |       |       |     4 |       ||     4
 Cast: Magic Dart        |    55 |    46 |    84 |   150 |     1 ||   336
       Searing Ray       |     9 |    19 |    69 |   146 |     6 ||   249
       Iskenderun's Myst |       |       |       |    23 |     4 ||    27
Invok: Channel Magic     |       |       |       |     3 |     1 ||     4
Evoke: Wand              |       |       |       |    11 |       ||    11
  Use: Scroll            |       |     5 |     4 |    11 |       ||    20
       Potion            |       |     1 |     1 |     2 |     1 ||     5
Armor: Skin              |     2 |       |     9 |    25 |       ||    36
Dodge: Dodged            |    11 |    11 |    55 |   212 |     2 ||   291
